 Dungeon Crawl Stone Soup version 0.20.1-1-g8b1a95d (webtiles) character file.

319 vatarom the Scratcher (level 6, -1/30 HPs)
             Began as a Felid Chaos Knight on Aug 25, 2017.
             Slain by an ogre
             ... wielding a +0 giant club
              (26 damage)
             ... on level 4 of the Dungeon.
             The game lasted 00:10:48 (3211 turns).

vatarom the Scratcher (Felid Chaos Knight)          Turns: 3211, Time: 00:10:49

Health: -1/30      AC:  9    Str:  9    XL:     6   Next: 21%
Magic:  7/7        EV: 18    Int: 14    God:    Xom [...*..]
Gold:   211        SH:  5    Dex: 16    Spells: 5/5 levels left
                                        Lives:  0   Deaths: 1

rFire    + . .     SeeInvis +     - Unarmed
rCold    . . .     Gourm    .   (shield unavailable)
rNeg     . . .     Faith    .   (armour unavailable)
rPois    .         Spirit   .   (helmet unavailable)
rElec    .         Reflect  +   (cloak unavailable)
rCorr    .         Harm     .   (gloves unavailable)
MR       .....                  (boots unavailable)
Stlth    +++.......             h - +5 amulet of reflection
Regen    0.1/turn               c - +5 ring of protection
MPRegen  0.1/turn               (no ring)

@: quick
A: no armour, no weapons or thrown items, stealth, claws 1, fangs 3, icy blue
scales 1, see invisible, carnivore 3, fire resistance 1, speed 1, shaggy fur 2,
slow metabolism 1, sharp paws
a: Renounce Religion


You were on level 4 of the Dungeon.
You worshipped Xom.
You were a favourite toy of Xom.
You were completely stuffed.

You visited 1 branch of the dungeon, and saw 4 of its levels.
You also visited: Ossuary.

You collected 211 gold pieces.

Inventory:

Armour
 e - a +0 ring mail
Jewellery
 c - a +5 ring of protection (left paw)
 h - a +5 amulet of reflection (around neck)
Scrolls
 g - 2 scrolls of identify
 i - 3 scrolls of random uselessness {unknown}
 j - 3 scrolls of teleportation
 l - 2 scrolls of magic mapping
 n - a scroll of holy word {unknown}
Potions
 b - 3 potions of haste
 d - 2 potions of flight
 k - a potion of ambrosia
 m - a potion of might {unknown}
 o - a potion of heal wounds {unknown}
 p - a potion of curing {unknown}
Comestibles
 a - 3 meat rations
 f - 3 royal jellies


   Skills:
 + Level 5.1 Fighting
 - Level 3.2 Dodging
 - Level 2.6 Stealth
 * Level 5.7 Unarmed Combat


You had 5 spell levels left.
You didn't know any spells.

Dungeon Overview and Level Annotations

Branches:
Dungeon (4/15)
 Temple: D:4-7

Altars:
Cheibriados
Hepliaklqana
Xom


Innate Abilities, Weirdness & Mutations

You cannot wear armour.
You are incapable of wielding weapons or throwing items.
Your paws allow you to move quietly. (Stealth)
You have sharp claws.
You have razor-sharp teeth.
You have supernaturally acute eyesight. (SInv)
You are carnivorous and can eat meat at any time.
You cover ground quickly.
You are covered in thick fur. (AC +2)
You have a slow metabolism.
Your sharp claws are effective at attacking unaware monsters.
You are partially covered in icy blue scales. (AC +2)
Your flesh is heat resistant. (rF+)


Message History

The orc hits you with a club.
You scratch the orc but do no damage. The orc misses you.
You claw the orc!
You kill the orc!
No target in view!
You see here a trident.
There is an open door here.
You now have 211 gold pieces (gained 12).
Things that are here:
a leather armour; a mace; an orc skeleton You see here a shield.
Key pressed, stopping explore.
p - a viscous dark potion You see here a dagger.
The ogre is too close now for your liking.
Xom opens a gate.
The ogre hits you with a giant club!!
Ouch! That really hurt!
You die...
Xom howls with laughter!

..# ##..#[## ##...# #!#
..##.).'[.###....## #<#
...##).#.......#..# #S..#
...##.#..........### ..)O##.
#..###....####..... # #.......
#..##.##..#####.#. .. ###.....
#_.#.###..## #...
#..###........###...5####..###..(
#...<..###....O@....))).).....##
##..#..'_+..#.##.########.#####
....##..### .. #..# #.......#
.### ......# ....# #.......#
s#... .#...# #.......# .#...#.
....S #.......# ## #.# ..##..
.........# .#... ..# ###.......#
#.......#


You could see an ogre, an adder (wandering) and a friendly iron imp.

Vanquished Creatures
  A scorpion (D:3)
  2 centaur zombies (Ossuary)
  4 big kobold zombies (Ossuary)
  7 mummies
  2 adders
  A dart slug (D:1)
  A leopard gecko (D:3)
  9 orcs
  5 giant cockroaches
  10 goblins
  5 hobgoblins
  5 jackals (D:1)
  8 bats
  9 frilled lizards
  2 hobgoblin zombies (Ossuary)
  4 kobolds
  9 rats
84 creatures vanquished.

Vanquished Creatures (collateral kills)
  Robin (D:4)
  An adder (D:3)
  A leopard gecko (D:3)
  5 orcs (D:3)
  3 goblins (D:4)
  3 hobgoblins (D:4)
  A frilled lizard (D:4)
15 creatures vanquished.

Grand Total: 99 creatures vanquished

Notes
Turn   | Place    | Note
-------+----------+-------------------------------------------
     0 | D:1      | vatarom the Felid Chaos Knight began the quest for the Orb.
     0 | D:1      | Reached XP level 1. HP: 10/10 MP: 2/2
   219 | D:1      | Reached skill level 1 in Stealth
   368 | D:1      | Reached XP level 2. HP: 12/14 MP: 3/3
   391 | D:1      | XOM: harmless Fire miscast
   560 | D:1      | XOM: harmless Tloc miscast
   657 | D:1      | XOM: harmless Summ miscast
   685 | D:1      | XOM: silly message
   777 | D:2      | XOM: butterfly on damage
   941 | D:2      | XOM: give mutations
   941 | D:2      | Gained mutation: You are partially covered in iridescent scales. (AC +2) [Xom's grace]
   941 | D:2      | Gained mutation: You have a pair of small horns on your head. [Xom's grace]
   941 | D:2      | Gained mutation: Your mind is acute. (Int +2) [Xom's grace]
   941 | D:2      | Gained mutation: Your mind is very acute. (Int +4) [Xom's grace]
   973 | D:2      | Reached XP level 3. HP: 16/17 MP: 4/4
  1135 | D:2      | XOM: 2-stop teleportation journey
  1242 | D:2      | Lost mutation: You have a pair of small horns on your head. [potion of mutation]
  1242 | D:2      | Lost mutation: Your mind is very acute. (Int +4) [potion of mutation]
  1242 | D:2      | Gained mutation: Your flesh is cold resistant. (rC+) [potion of mutation]
  1242 | D:2      | Gained mutation: You are covered in thick fur. (AC +2) [potion of mutation]
  1260 | D:2      | Lost mutation: Your flesh is cold resistant. (rC+) [potion of mutation]
  1260 | D:2      | Lost mutation: Your mind is acute. (Int +2) [potion of mutation]
  1260 | D:2      | Gained mutation: You are occasionally teleported next to monsters. [potion of mutation]
  1260 | D:2      | Gained mutation: You are surrounded by a mild repulsion field. (EV +2) [potion of mutation]
  1380 | D:2      | Found a hazy altar of Hepliaklqana.
  1380 | D:2      | XOM: 1-stop teleportation journey
  1854 | D:3      | XOM: summons friendly chaos spawn
  1861 | D:3      | Reached XP level 4. HP: 22/22 MP: 5/5
  1959 | D:3      | XOM: give mutations
  1959 | D:3      | Gained mutation: You possess an exceptional clarity of mind. [Xom's grace]
  1959 | D:3      | Gained mutation: You are partially covered in yellow scales. (AC +2) [Xom's grace]
  1959 | D:3      | Gained mutation: Your spells are a little harder to cast, but a little more powerful. [Xom's grace]
  2269 | D:3      | XOM: god gift: 2 exploding tomahawks
  2361 | D:3      | XOM: summons 3 hostile shadow creatures
  2374 | D:4      | XOM: noise
  2377 | D:4      | XOM: scenery: 1 doors open
  2377 | D:4      | Found a snail-covered altar of Cheibriados.
  2394 | D:3      | XOM: divination: detect creatures
  2395 | D:3      | HP: 1/22 [scorpion (7)]
  2404 | D:3      | Reached XP level 5. HP: 2/25 MP: 6/6
  2404 | D:3      | HP: 1/37 [poisoned by a scorpion]
  2406 | D:3      | Succumbed to a scorpion's poison
  2407 | D:3      | Reached XP level 4. HP: 0/33 MP: 5/5
  2542 | D:4      | Noticed an ogre
  2599 | D:4      | XOM: scenery: create altars
  2604 | D:4      | Noticed Robin
  2612 | D:4      | XOM: cast spell 'Summon Horrible Things'
  2641 | D:4      | Killed Robin
  2661 | D:4      | XOM: enchant monster (good)
  2669 | D:4      | Found a sand-covered staircase.
  2682 | Ossuary  | Entered an ossuary
  2699 | Ossuary  | Reached XP level 5. HP: 15/25 MP: 6/6
  2864 | Ossuary  | Reached skill level 5 in Unarmed Combat
  3018 | Ossuary  | Lost mutation: Your spells are a little harder to cast, but a little more powerful. [potion of mutation]
  3018 | Ossuary  | Lost mutation: You are occasionally teleported next to monsters. [potion of mutation]
  3018 | Ossuary  | Lost mutation: You possess an exceptional clarity of mind. [potion of mutation]
  3018 | Ossuary  | Lost mutation: You are partially covered in yellow scales. (AC +2) [potion of mutation]
  3018 | Ossuary  | Lost mutation: You are covered in thick fur. (AC +2) [potion of mutation]
  3018 | Ossuary  | Gained mutation: Potions are less effective at restoring your health. [potion of mutation]
  3018 | Ossuary  | Gained mutation: Your muscles are strong. (Str +2) [potion of mutation]
  3019 | Ossuary  | Lost mutation: You are partially covered in iridescent scales. (AC +2) [potion of mutation]
  3019 | Ossuary  | Lost mutation: Your muscles are strong. (Str +2) [potion of mutation]
  3019 | Ossuary  | Lost mutation: Potions are less effective at restoring your health. [potion of mutation]
  3019 | Ossuary  | Lost mutation: You are surrounded by a mild repulsion field. (EV +2) [potion of mutation]
  3019 | Ossuary  | Gained mutation: Your flesh is heat resistant. (rF+) [potion of mutation]
  3019 | Ossuary  | Gained mutation: You are frail. (-10% HP) [potion of mutation]
  3019 | Ossuary  | Lost mutation: You are frail. (-10% HP) [potion of mutation]
  3019 | Ossuary  | Gained mutation: You are partially covered in icy blue scales. (AC +2) [potion of mutation]
  3086 | Ossuary  | Reached skill level 5 in Fighting
  3098 | Ossuary  | Gained mutation: You are covered in thick fur. (AC +2) [Felid growth]
  3098 | Ossuary  | Reached XP level 6. HP: 17/30 MP: 7/7
  3209 | D:4      | XOM: summons friendly iron imp
  3211 | D:4      | Slain by an ogre

Skill      XL: |  1  2  3  4  5 |
---------------+----------------+-----
Stealth        | 1 2 |  2.6
Fighting       | 4 5 |  5.1
Unarmed Combat | 4 5 |  5.7
Dodging        | |  3.2

Action                   |  1- 3 |  4- 6 || total
-------------------------+-------+-------++-------
Melee: Unarmed           |   138 |   191 ||   329
       Bite              |     7 |    20 ||    27
       Punch             |     1 |     4 ||     5
       Headbutt          |     2 |       ||     2
  Use: Potion            |     9 |     4 ||    13
       Scroll            |     5 |     3 ||     8
 Stab: Sleeping          |    14 |     2 ||    16
       Paralysed         |       |     2 ||     2
       Held in net/web   |       |     2 ||     2
  Eat: Chunk             |     9 |     8 ||    17
Armor: Skin              |    22 |    27 ||    49
Dodge: Dodged            |   100 |   102 ||   202
Block: Other             |    21 |    32 ||    53
